PCL
SPOKANE TRAPPERS @ DISTRICT 9 PRAWNS
07/20/2027
 
TOP OF THE 1ST
Spokane Trappers batting - Pitching for District 9 Prawns : LHP Pedro Valdés
Pitching: LHP Pedro Valdés
Batting: LHB Juan Viera 0-0: Ball
1-0: Ball
2-0: Ball
3-0: Called Strike
3-1: Base on Balls
Batting: RHB Alejandro Ramos 0-0: Called Strike
0-1: Ball
1-1: Ball
2-1: Ball
3-1: Grounds into double play, 5-4-3 (Groundball, 56)
Batting: LHB José Berroa 0-0: Ball
1-0: Foul Ball, location: 2F
1-1: Foul Ball, location: 2F
1-2: Ball
2-2: Ball
3-2: Ground out 5-3 (Groundball, 56S)
Top of the 1st over - 0 run(s), 0 hit(s), 0 error(s), 0 left on base; Spokane 0 - District 9 0
BOTTOM OF THE 1ST
District 9 Prawns batting - Pitching for Spokane Trappers : LHP Pedro Mata
Pitching: LHP Pedro Mata
Batting: LHB Tommy Payne 0-0: Called Strike
0-1: Foul Ball, location: 2F
0-2: Ball
1-2: Ground out U3 (Groundball, 34S)
Batting: RHB José Colón 0-0: Called Strike
0-1: Ground out 5-3 (Groundball, 56)
Batting: SHB Rick Turner 0-0: Called Strike
0-1: Called Strike
0-2: Ball
1-2: Strikes out swinging
Bottom of the 1st over - 0 run(s), 0 hit(s), 0 error(s), 0 left on base; Spokane 0 - District 9 0
TOP OF THE 2ND
Spokane Trappers batting - Pitching for District 9 Prawns : LHP Pedro Valdés
Batting: RHB Pedro Guzmán 0-0: Foul Ball, location: 2F
0-1: Ball
1-1: Ball
2-1: Swinging Strike
2-2: Ball
3-2: Fly out, F8 (Line Drive, 89M)
Batting: RHB Enrico Rodríguez 0-0: Called Strike
0-1: Ground out 6-3 (Groundball, 6)
Batting: LHB Will Hill 0-0: Foul Ball, location: 2F
0-1: Swinging Strike
0-2: Foul Ball, location: 2F
0-2: Ball
1-2: Strikes out swinging
Top of the 2nd over - 0 run(s), 0 hit(s), 0 error(s), 0 left on base; Spokane 0 - District 9 0
BOTTOM OF THE 2ND
District 9 Prawns batting - Pitching for Spokane Trappers : LHP Pedro Mata
Batting: LHB José Flores 0-0: Called Strike
0-1: Hit by Pitch
Batting: LHB Pedro Gonzáles 0-0: Ball
1-0: SINGLE (Groundball, 3D)
José Flores to second
Runner from 2nd tries for 3rd, SAFE, throw made to third
Batting: RHB Edgardo Carrasco 0-0: Ball
1-0: Ball
2-0: Fly out, F9 (Flyball, 9S)
Batting: RHB Rafael González 0-0: Ball
1-0: Ball
2-0: Swinging Strike
2-1: Ball
3-1: Base on Balls
Pedro Gonzáles to second
Batting: RHB Boyd Pittman 0-0: Ball
1-0: Swinging Strike
1-1: SINGLE (Groundball, 6MD)
José Flores scores
Pedro Gonzáles to third
Rafael González to second
Batting: LHB Miguel Barrón 0-0: Ball
1-0: Called Strike
1-1: Fly out, F7 (Flyball, 78M)
Runner from 3rd tags up, OUT at HOME
Bottom of the 2nd over - 1 run(s), 2 hit(s), 0 error(s), 2 left on base; Spokane 0 - District 9 1
TOP OF THE 3RD
Spokane Trappers batting - Pitching for District 9 Prawns : LHP Pedro Valdés
Batting: SHB Glenn Vadnais 0-0: Ball
1-0: Ground out 4-3 (Groundball, 4)
Batting: LHB Alan Moore 0-0: Fly out, F9 (Flyball, 9LSF)
Batting: RHB Robert Marks 0-0: Called Strike
0-1: Ball
1-1: Foul Ball, location: 2F
1-2: Ball
2-2: Ball
3-2: Fly out, F8 (Flyball, 8RM)
Top of the 3rd over - 0 run(s), 0 hit(s), 0 error(s), 0 left on base; Spokane 0 - District 9 1
BOTTOM OF THE 3RD
District 9 Prawns batting - Pitching for Spokane Trappers : LHP Pedro Mata
Batting: LHB Tommy Payne 0-0: Foul Ball, location: 2F
0-1: Ball
1-1: Fly out, F4 (Popup, 34D)
Batting: RHB José Colón 0-0: Ball
1-0: Ball
2-0: Ball
3-0: Called Strike
3-1: Called Strike
3-2: Base on Balls
Batting: SHB Rick Turner 0-0: Called Strike
0-1: Ball
1-1: Ball
2-1: Foul Ball, location: 2F
2-2: Foul Ball, location: 2F
2-2: Foul Ball, location: 2F
2-2: Foul Ball, location: 2F
2-2: Ball
3-2: Reached on error, E6 (Groundball, 6)
José Colón to second
Batting: LHB José Flores 0-0: Ball
1-0: Called Strike
1-1: Ball
2-1: Ball
3-1: Foul Ball, location: 2F
3-2: Strikes out swinging
Batting: LHB Pedro Gonzáles 0-0: Called Strike
0-1: Ball
1-1: Swinging Strike
1-2: Foul Ball, location: 2F
1-2: SINGLE (Groundball, 6D)
José Colón to third
Rick Turner to second
Runner from 3rd tries for Home, SAFE, no throw
Batting: RHB Edgardo Carrasco 0-0: Fly out, F8 (Line Drive, 8LD)
Bottom of the 3rd over - 1 run(s), 1 hit(s), 1 error(s), 2 left on base; Spokane 0 - District 9 2
TOP OF THE 4TH
Spokane Trappers batting - Pitching for District 9 Prawns : LHP Pedro Valdés
Batting: LHB Juan Viera 0-0: Ball
1-0: Fly out, F4 (Popup, 4)
Batting: RHB Alejandro Ramos 0-0: Foul Ball, location: 2F
0-1: Ground out 3-1 (Groundball, 23)
Batting: LHB José Berroa 0-0: Ball
1-0: Fly out, F9 (Line Drive, 9D)
Top of the 4th over - 0 run(s), 0 hit(s), 0 error(s), 0 left on base; Spokane 0 - District 9 2
BOTTOM OF THE 4TH
District 9 Prawns batting - Pitching for Spokane Trappers : LHP Pedro Mata
Batting: RHB Rafael González 0-0: Ball
1-0: Swinging Strike
1-1: Ground out 5-3 (Groundball, 56)
Batting: RHB Boyd Pittman 0-0: Swinging Strike
0-1: Ball
1-1: Foul Ball, location: 2F
1-2: Ground out 6-3 (Groundball, 56)
Batting: LHB Miguel Barrón 0-0: Swinging Strike
0-1: Ball
1-1: Ground out 5-3 (Groundball, 56)
Bottom of the 4th over - 0 run(s), 0 hit(s), 0 error(s), 0 left on base; Spokane 0 - District 9 2
TOP OF THE 5TH
Spokane Trappers batting - Pitching for District 9 Prawns : LHP Pedro Valdés
Batting: RHB Pedro Guzmán 0-0: Called Strike
0-1: Ball
1-1: Ball
2-1: Called Strike
2-2: Ground out 6-3 (Groundball, 56)
Batting: RHB Enrico Rodríguez 0-0: Ball
1-0: Ball
2-0: Fly out, F8 (Flyball, 8RM)
Batting: LHB Will Hill 0-0: Called Strike
0-1: Ground out U3 (Groundball, 3L)
Top of the 5th over - 0 run(s), 0 hit(s), 0 error(s), 0 left on base; Spokane 0 - District 9 2
BOTTOM OF THE 5TH
District 9 Prawns batting - Pitching for Spokane Trappers : LHP Pedro Mata
Batting: LHB Tommy Payne 0-0: Ball
1-0: Ball
2-0: Ball
3-0: Base on Balls
Batting: RHB José Colón 0-0: Swinging Strike
Tommy Payne steals 2nd base
0-1: Ball
1-1: Intentional Walk
Batting: SHB Rick Turner 0-0: Called Strike
0-1: Ball
1-1: Ball
2-1: Grounds into double play, 4-6-3 (Groundball, 4)
Tommy Payne to third
Batting: LHB José Flores 0-0: Ball
1-0: Swinging Strike
1-1: Ball
2-1: Foul Ball, location: 2F
2-2: Strikes out swinging
Bottom of the 5th over - 0 run(s), 0 hit(s), 0 error(s), 1 left on base; Spokane 0 - District 9 2
TOP OF THE 6TH
Spokane Trappers batting - Pitching for District 9 Prawns : LHP Pedro Valdés
Batting: SHB Glenn Vadnais 0-0: Swinging Strike
0-1: SINGLE (Line Drive, 6M)
Batting: LHB Alan Moore 0-0: Foul Ball, location: 2F
0-1: Fly out, F6 (Popup, 6D)
Batting: RHB Robert Marks 0-0: Ball
1-0: Foul Ball, location: 2F
1-1: Ball
2-1: Ball
3-1: Foul Ball, location: 2F
3-2: Foul Ball, location: 2F
3-2: Strikes out swinging
Batting: LHB Juan Viera 0-0: Ball
1-0: Ball
2-0: Called Strike
2-1: SINGLE (Groundball, 4D)
Glenn Vadnais to second
Runner from 2nd tries for 3rd, OUT!
Top of the 6th over - 0 run(s), 2 hit(s), 0 error(s), 1 left on base; Spokane 0 - District 9 2
BOTTOM OF THE 6TH
District 9 Prawns batting - Pitching for Spokane Trappers : LHP Pedro Mata
Batting: LHB Pedro Gonzáles 0-0: Called Strike
0-1: Ball
1-1: Ball
2-1: Foul Ball, location: 2F
2-2: Fly out, F7 (Flyball, 78S)
Batting: RHB Edgardo Carrasco 0-0: Ball
1-0: Fly out, F3 (Popup, 3L)
Batting: RHB Rafael González 0-0: Called Strike
0-1: Called Strike
0-2: Ball
1-2: Reached on error, E6 (Groundball, 6M)
Batting: RHB Boyd Pittman 0-0: Foul Ball, location: 2F
0-1: Ball
1-1: Called Strike
1-2: Ball
2-2: Ball
3-2: Strikes out swinging, 2-3 out at first.
Bottom of the 6th over - 0 run(s), 0 hit(s), 1 error(s), 1 left on base; Spokane 0 - District 9 2
TOP OF THE 7TH
Spokane Trappers batting - Pitching for District 9 Prawns : LHP Pedro Valdés
Batting: RHB Alejandro Ramos 0-0: SINGLE (Groundball, 3D)
Batting: LHB José Berroa 0-0: Ball
1-0: Called Strike
1-1: Ball
2-1: Foul Ball, location: 2F
2-2: Ball
3-2: Foul Ball, location: 2F
3-2: SINGLE (Groundball, 56) (infield hit)
Alejandro Ramos to second
Batting: RHB Pedro Guzmán 0-0: Ball
1-0: Fly out, F8 (Flyball, 8LD)
Runner from 2nd tags up, SAFE at 3rd, no throw
Pitching: LHP Ben Johnson
Batting: RHB Enrico Rodríguez 0-0: Hit by Pitch
José Berroa to second
Batting: LHB Will Hill 0-0: Called Strike
0-1: Foul Ball, location: 2F
0-2: Ball
1-2: Ball
2-2: Ball
3-2: Fly out, F8 (Flyball, 78M)
Throwing error, E8
Alejandro Ramos scores
José Berroa to third
Enrico Rodríguez to second
Batting: SHB Glenn Vadnais 0-0: Called Strike
0-1: Ball
1-1: Ball
2-1: Foul Ball, location: 2F
2-2: Foul Ball, location: 2F
2-2: Ball
3-2: Base on Balls
Pinch Hitting: RHB Ramiro Ross 0-0: Ball
1-0: Swinging Strike
1-1: Called Strike
1-2: Strikes out looking
Top of the 7th over - 1 run(s), 2 hit(s), 1 error(s), 3 left on base; Spokane 1 - District 9 2
BOTTOM OF THE 7TH
District 9 Prawns batting - Pitching for Spokane Trappers : LHP Pedro Mata
Pitching: LHP Adrián León
Now at 1B: Ramiro Ross
Batting: LHB Miguel Barrón 0-0: Called Strike
0-1: Fly out, F5 (Line Drive, 5S)
Batting: LHB Tommy Payne 0-0: Foul Ball, location: 2F
0-1: Ball
1-1: Called Strike
1-2: Strikes out swinging
Batting: RHB José Colón 0-0: Ball
1-0: Foul Ball, location: 2F
1-1: Fly out, F7 (Flyball, 7S)
Bottom of the 7th over - 0 run(s), 0 hit(s), 0 error(s), 0 left on base; Spokane 1 - District 9 2
TOP OF THE 8TH
Spokane Trappers batting - Pitching for District 9 Prawns : LHP Ben Johnson
Pitching: RHP Mike Stabler
Batting: RHB Robert Marks 0-0: Ball
1-0: Ball
2-0: Called Strike
2-1: Ground out 4-3 (Groundball, 4)
Batting: LHB Juan Viera 0-0: Ball
1-0: Foul Ball, location: 2F
1-1: Called Strike
1-2: Strikes out swinging
Batting: RHB Alejandro Ramos 0-0: Ball
1-0: Ball
2-0: Ball
3-0: Foul Ball, location: 2F
3-1: Base on Balls
Batting: LHB José Berroa 0-0: Called Strike
0-1: Ball
1-1: SINGLE (Groundball, 6MD)
Alejandro Ramos to second
Runner from 2nd tries for 3rd, OUT!
Top of the 8th over - 0 run(s), 1 hit(s), 0 error(s), 1 left on base; Spokane 1 - District 9 2
BOTTOM OF THE 8TH
District 9 Prawns batting - Pitching for Spokane Trappers : LHP Adrián León
Batting: SHB Rick Turner 0-0: Foul Ball, location: 2F
0-1: Ball
1-1: Foul Ball, location: 2F
1-2: Ball
2-2: Ground out U3 (Groundball, 34)
Batting: LHB José Flores 0-0: Called Strike
0-1: Foul Ball, location: 2F
0-2: Ball
1-2: SINGLE (Groundball, 4MD)
Batting: LHB Pedro Gonzáles 0-0: SINGLE (Line Drive, 89M)
José Flores to second
Batting: RHB Edgardo Carrasco 0-0: Ball
1-0: Called Strike
1-1: Called Strike
1-2: Strikes out swinging
Pinch Hitting: RHB Mal Snyder 0-0: Ball
1-0: Fly out, F8 (Flyball, 8LXD)
Bottom of the 8th over - 0 run(s), 2 hit(s), 0 error(s), 2 left on base; Spokane 1 - District 9 2
TOP OF THE 9TH
Spokane Trappers batting - Pitching for District 9 Prawns : RHP Mike Stabler
Now at 2B: Phil Jacobs
Now at 3B: Manuel Cardenas
Batting: RHB Pedro Guzmán 0-0: Ball
1-0: Ball
2-0: Called Strike
2-1: Foul Ball, location: 2F
2-2: Ball
3-2: Foul Ball, location: 2F
3-2: Foul Ball, location: 2F
3-2: Fly out, F4 (Line Drive, 4M)
Pinch Hitting: RHB José Gómez 0-0: Ball
1-0: Ground out 5-3 (Groundball, 5L)
Batting: LHB Will Hill 0-0: Ball
1-0: Ball
2-0: Ball
3-0: Called Strike
3-1: SINGLE (Line Drive, 7S)
Batting: SHB Glenn Vadnais 0-0: 2-RUN HOME RUN (Flyball, 9D), Distance : 385 ft
Batting: RHB Ramiro Ross 0-0: Foul Ball, location: 2F
0-1: Ball
1-1: Ball
2-1: Called Strike
2-2: Foul Ball, location: 2F
2-2: Strikes out swinging
Top of the 9th over - 2 run(s), 2 hit(s), 0 error(s), 0 left on base; Spokane 3 - District 9 2
BOTTOM OF THE 9TH
District 9 Prawns batting - Pitching for Spokane Trappers : LHP Adrián León
Pitching: LHP Howard Bailey
Now at 2B: Jaime Padilla
Now at 3B: Dani Rodríguez
Batting: RHB Boyd Pittman 0-0: Swinging Strike
0-1: Swinging Strike
0-2: Strikes out swinging
Pinch Hitting: RHB Carlos Flores 0-0: Fly out, F4 (Popup, 4D)
Pinch Hitting: RHB Gil Palmer 0-0: Called Strike
0-1: Ball
1-1: Ball
2-1: Swinging Strike
2-2: Ball
3-2: SOLO HOME RUN (Flyball, 7D), Distance : 388 ft
Batting: RHB José Colón 0-0: Ball
1-0: Called Strike
1-1: Ground out 5-3 (Groundball, 56)
Bottom of the 9th over - 1 run(s), 1 hit(s), 0 error(s), 0 left on base; Spokane 3 - District 9 3
TOP OF THE 10TH
Spokane Trappers batting - Pitching for District 9 Prawns : RHP Mike Stabler
Now in CF: Gil Palmer
Now in RF: Culley Vaughan
Batting: RHB Robert Marks 0-0: Ball
1-0: Swinging Strike
1-1: Swinging Strike
1-2: Strikes out swinging
Batting: LHB Juan Viera 0-0: Swinging Strike
0-1: Ground out 6-3 (Groundball, 6)
Pinch Hitting: RHB Toru Nakanishi 0-0: Ball
1-0: Ball
2-0: Foul Ball, location: 2F
2-1: Swinging Strike
2-2: SINGLE (Line Drive, 89M)
Batting: LHB José Berroa 0-0: Called Strike
0-1: Reached on error, E5 (Groundball, 5L)
Toru Nakanishi to second
Pinch Hitting: RHB John Craig 0-0: Foul Ball, location: 2F
0-1: Foul Ball, location: 2F
0-2: Strikes out swinging
Top of the 10th over - 0 run(s), 1 hit(s), 1 error(s), 2 left on base; Spokane 3 - District 9 3
BOTTOM OF THE 10TH
District 9 Prawns batting - Pitching for Spokane Trappers : LHP Howard Bailey
Now at 2B: John Craig
Now at SS: Toru Nakanishi
Batting: LHB Manuel Cardenas 0-0: Ball
1-0: SINGLE (Groundball, 6MD)
Batting: LHB José Flores 0-0: Ball
Pickoff Throw to First - Error! E1
Manuel Cardenas to second
1-0: Ball
2-0: Ball
3-0: Base on Balls
Batting: LHB Pedro Gonzáles 0-0: Ball
1-0: Ball
2-0: Ball
3-0: Called Strike
3-1: Base on Balls
Manuel Cardenas to third
José Flores to second
Batting: RHB Edgardo Carrasco 0-0: Ball
1-0: Called Strike
1-1: Swinging Strike
1-2: Foul Ball, location: 2F
1-2: Reached on error, E6 (Groundball, 56)
Manuel Cardenas scores
Thursday, March 30th, 2017 - OOTP Baseball 17.12 Build 75